 Dungeon Crawl Stone Soup version 0.27.1-1-g398f81649c (webtiles) character file.

Game seed: 2240774304141581831

109 speeev33 the Skirmisher (level 4, 0/41 HPs)
             Began as a Hill Orc Fighter on Sept 5, 2021.
             Slain by a ball python (1 damage)
             ... on level 3 of the Dungeon.
             The game lasted 00:02:15 (1826 turns).

speeev33 the Skirmisher (Hill Orc Fighter)          Turns: 1826, Time: 00:02:15

Health: 0/41       AC:  6    Str: 19    XL:     4   Next: 90%
Magic:  4/4        EV:  4    Int:  8    God:
Gold:   67         SH:  9    Dex: 10    Spells: 3/3 levels left

rFire    . . .     SeeInvis .   a - +0 war axe
rCold    . . .     Faith    .   c - +0 kite shield
rNeg     . . .     Spirit   .   b - +0 scale mail
rPois    .         Reflect  .   (no helmet)
rElec    .         Harm     .   (no cloak)
rCorr    .         Rampage  .   (no gloves)
Will     .....                  (no boots)
Stlth    ..........             (no amulet)
HPRegen  0.13/turn              (no ring)
MPRegen  0.09/turn              (no ring)

@: constricted
A: no striking features
a: no special abilities


You were on level 3 of the Dungeon.
You visited 1 branch of the dungeon, and saw 3 of its levels.

You collected 67 gold pieces.

Inventory:

Hand Weapons
 a - a +0 war axe (weapon)
Armour
 b - a +0 scale mail (worn)
 c - a +0 kite shield (worn)
Scrolls
 j - 2 scrolls of teleportation
Potions
 d - a potion of might
 e - a potion of lignification {unknown}
 f - a potion of degeneration {unknown}
 g - a potion of heal wounds {unknown}
 h - a potion of curing {unknown}
 i - a potion of mutation {unknown}


   Skills:
 + Level 4.7 Fighting
 + Level 4.3 Axes
 - Level 3.2 Armour
 + Level 4.3 Shields


You had 3 spell levels left.
You didn't know any spells.
Your spell library contained the following spells:

 Spells                   Type           Power      Damage    Failure   Level
 Slow                     Hex            0%         N/A       100%        2
 Confusing Touch          Hex            0%         N/A       100%        3
 Vampiric Draining        Necr           0%         2d6       100%        3


Dungeon Overview and Level Annotations

Branches:
Dungeon (3/15)

Altars:
Ru
Trog
Uskayaw

Shops:
D:2 ?![?


Message History

The adder bites you.
You are more poisoned.
The adder poisons you!
A ball python comes into view.
You block the adder's attack.
You miss the adder.
The adder is heavily wounded.
You hear the brisk rusting of a distant drain.
* * * LOW HITPOINT WARNING * * *
You feel very sick. The adder barely misses you.
The adder bites you but does no damage.
You miss the adder.
The adder is heavily wounded.
You feel sick. The adder bites you but does no damage.
You block the adder's attack.
Unknown command.
You slash the adder!
You kill the adder!
You feel sick.
Unknown command.
Found a dagger and 10 gold pieces.
Found three altars.
You feel sick.
The ball python bites you but does no damage.
The ball python barely misses you.
Unknown command.
You feel sick.
You barely miss the ball python.
You feel sick. You block the ball python's attack.
The ball python completely misses you. You block the ball python's attack.
The ball python grabs you. The ball python constricts you.
You closely miss the ball python.
You feel sick.
You are no longer poisoned.
The ball python bites you but does no damage.
The ball python constricts you. You block the ball python's attack.
The ball python constricts you.
* * * LOW HITPOINT WARNING * * *
Your shield and scale mail prevent you from hitting the ball python.
You block the ball python's attack. The ball python constricts you.
* * * LOW HITPOINT WARNING * * *
The ball python bites you.
You die...

..#... ........_..
........8_. (......._.
.# . ....#........# #.#
..#..##.....#
.#...###.......#....
.......@..####>.....
.......S....#.......
.)........#.........#...
................#...#...
..........##..###.......
.$........##)..##.......
..........##.#.# #......
..........##.#.# #.#....
###########.#.###......


You could see a ball python.

Vanquished Creatures
  A centaur skeleton (D:3)
  4 adders
  A worm (D:2)
  3 dart slugs
  A giant cockroach (D:1)
  7 jackals (D:2)
  4 kobolds
  A quokka (D:2)
  6 ball pythons
  2 bats
  4 frilled lizards
  2 goblins
  7 rats
43 creatures vanquished.

Notes
Turn   | Place    | Note
-------+----------+-------------------------------------------
     0 | D:1      | speeev33 the Hill Orc Fighter began the quest for the Orb.
     0 | D:1      | Reached XP level 1. HP: 19/19 MP: 1/1
    68 | D:1      | Reached XP level 2. HP: 25/27 MP: 2/2
   529 | D:2      | Reached XP level 3. HP: 31/33 MP: 3/3
   557 | D:2      | Found Feisieb's Distillery.
   595 | D:2      | Found Enuanu's Armour Boutique.
  1035 | D:2      | Found Atekk's Magic Scroll Emporium.
  1288 | D:2      | Found Kaovihoe's Magic Scroll Shoppe.
  1535 | D:3      | Reached XP level 4. HP: 18/41 MP: 4/4
  1728 | D:3      | Found a faded altar of an unknown god.
  1822 | D:3      | Found a sacrificial altar of Ru.
  1822 | D:3      | Found a bloodstained altar of Trog.
  1822 | D:3      | Found a hide-covered altar of Uskayaw.
  1825 | D:3      | HP: 2/41 [constriction (1)]
  1826 | D:3      | Slain by a ball python

Illustrated notes

Levels and vault maps discovered:
D:1:      scummos_arrival_star, layout_rooms
D:2:      layout_basic, serial_shops, nicolae_shop_crystal,
          nicolae_shop_waterfront, nicolae_shop_stone, shop, st_stairs_12,
          minmay_liquid_box
D:3:      layout_rooms, lemuel_crystal_altar,
          chequers_temple_overflow_statue_of_worship, gup_sewer_entry_pipe,
          dreamdust_ecumenical_altar_angels_and_demons, st_stairs_3

Skill      XL: |  1  2  3  4 |
---------------+-------------+-----
Axes           | 3 4 |  4.3
Fighting       | 4 |  4.7
Shields        | 4 |  4.3
Armour         | |  3.2

Action                   |  1- 3 |  4- 6 || total
-------------------------+-------+-------++-------
Melee: War axe           |   110 |    24 ||   134
  Use: Scroll            |     3 |       ||     3
Armor: Scale mail        |    56 |    11 ||    67
Dodge: Dodged            |    56 |    12 ||    68
Block: Kite shield       |    74 |    22 ||    96
